Map: [ESL] NeoHumanity

Players

Cure

  • Race: Terran Terran

Dark - Winner!

  • Race: Zerg Zerg

Event: IEM Katowice 2023

VOD

Have the link to the VOD?

Description

Time

  • Played on: Feb. 9, 2023, 5:18 a.m.
  • Length: 17:44

All games in this series

Show
View Real Time Build Order
Export as new Build Order

Cure Terran 

Build Orders:  

Get SALT Encoding   

  12  0:00  SCV  
  13  0:12  SCV  
  14  0:18  Supply Depot  
  14  0:24  SCV  
  15  0:39  Barracks  
  15  0:50  Barracks  
  15  0:53  SCV  
  16  1:00  Refinery  
  16  1:05  SCV  
  17  1:18  SCV  
  18  1:26  Marine  
  18  1:30  Orbital Command  
  19  1:37  Marine  
  20  1:40  Supply Depot  
  20  1:44  Marine  
  21  1:53  Bunker  
  21  1:54  Marine  
  21  2:01  SCV  
  23  2:02  Marine  
  24  2:12  Marine  
  24  2:14  SCV  
  25  2:22  Marine  
  26  2:25  Factory  
  26  2:30  Marine  
  26  2:33  Supply Depot  
  28  2:38  Bunker  
  28  2:40  Marine  
  28  2:42  SCV  
  29  2:48  Marine  
  29  2:58  Marine  
  29  2:59  SCV  
  30  3:06  Marine  
  29  3:13  Factory Reactor  
  29  3:15  Marine  
  29  3:18  SCV  
  30  3:23  Marine  
  27  3:31  SCV  
  28  3:41  Command Center  
  28  3:43  SCV  
  28  3:45  Supply Depot  
  28  3:50  Hellion x2  
  32  3:58  SCV, Starport  
  33  4:10  SCV  
  33  4:11  Hellion x2  
  33  4:16  Supply Depot  
  38  4:23  SCV  
  39  4:35  Viking, SCV, Hellion x2  
  46  4:47  SCV  
  47  4:54  Orbital Command  
  47  4:59  SCV  
  48  5:00  Hellion x2  
  52  5:07  Liberator  
  52  5:11  SCV  
  56  5:21  SCV  
  57  5:23  SCV  
  57  5:27  Barracks Tech Lab, Barracks Reactor  
  58  5:31  Command Center  
  58  5:34  SCV  
  58  5:35  SCV  
  60  5:37  Hellion  
  60  5:38  Hellion  
  64  5:44  Refinery  
  64  5:46  SCV  
  64  5:47  SCV  
  64  5:49  Marine, Stimpack  
  67  5:57  Refinery, Starport Reactor  
  67  5:59  SCV x2  
  67  6:03  Barracks  
  69  6:09  Factory Tech Lab  
  70  6:12  Marine  
  70  6:14  Supply Depot  
  70  6:19  Supply Depot  
  70  6:36  Marine x3, SCV x2  
  75  6:41  Siege Tank  
  75  6:44  Orbital Command  
  76  6:48  SCV x2  
  76  6:51  Marine x2  
  76  6:53  Marine x3  
  83  7:00  SCV x2  
  85  7:04  Medivac x2  
  86  7:09  Marine x2  
  86  7:10  Engineering Bay  
  86  7:11  Marine x3  
  86  7:12  Engineering Bay, SCV x2  
  86  7:13  SCV  
  94  7:24  SCV  
  94  7:25  Siege Tank  
  94  7:26  Marine  
  94  7:27  Marine  
  94  7:29  Marine, Supply Depot  
  101  7:35  Marine x2  
  101  7:36  SCV x2  
  105  7:42  Combat Shield  
  105  7:43  Terran Infantry Armor Level 1, Terran Infantry Weapons Level 1  
  105  7:46  SCV  
  105  7:48  SCV x2, Supply Depot  
  105  7:51  Marine x3, Supply Depot  
  108  7:53  Marine x2  
  113  7:59  Siege Tank  
  113  8:01  SCV  
  117  8:10  Medivac, SCV x2  
  117  8:11  Barracks x2  
  121  8:13  SCV  
  121  8:19  Supply Depot x2  
  122  8:22  SCV x2  
  122  8:25  SCV  
  122  8:26  Marine x5  
  128  8:34  SCV x2  
  128  8:36  Siege Tank  
  128  8:40  SCV  
  134  8:42  Refinery, Armory  
  134  8:45  Supply Depot  
  134  8:46  SCV x2  
  136  8:48  Marine x4  
  136  8:52  SCV  
  141  8:58  SCV x2  
  141  9:02  Barracks Reactor x2  
  143  9:03  Medivac  
  143  9:06  Marine x3, Refinery x2  
  143  9:08  Supply Depot  
  148  9:15  Orbital Command  
  148  9:17  Marine x2  
  130  9:24  Marine x3  
  128  9:35  Marine x2  
  128  9:38  Marine x4  
  130  9:40  SCV x2  
  130  9:42  Marine x2  
  130  9:43  Siege Tank  
  130  9:45  Terran Infantry Weapons Level 2  
  139  9:52  SCV x2  
  127  9:53  Marine x3, SCV  
  127  9:56  Marine x2  
  127  9:57  Marine x2  
  128  10:01  Medivac  
  128  10:06  Medivac  
  132  10:11  Marine x4  
  136  10:14  Marine x2  
  136  10:15  Siege Tank  
  141  10:22  Marine x3  
  144  10:29  Marine x4  
  144  10:32  Marine x2  
  144  10:33  SCV x3  
  153  10:38  Terran Infantry Armor Level 2  
  153  10:40  Marine  
  154  10:42  Marine x2  
  154  10:46  Marine x2  
  154  10:47  Marine x2, Siege Tank, SCV x3  
  137  10:58  Marine x3  
  137  11:00  Marine x2  
  137  11:01  Drilling Claws  
  142  11:04  Marine  
  142  11:05  Factory  
  143  11:12  Sensor Tower  
  143  11:18  Command Center  
  143  11:20  Widow Mine, SCV x3  
  148  11:29  Marine x4  
  148  11:30  Marine x2  
  151  11:41  Widow Mine  
  150  11:49  Marine x6  
  156  11:55  Factory Reactor, SCV  
  156  11:58  Concussive Shells  
  156  12:00  Barracks, Supply Depot  
  156  12:01  Barracks, Supply Depot  
  157  12:04  Barracks  
  157  12:07  SCV  
  157  12:08  SCV  
  157  12:21  Marine x4, Supply Depot  
  157  12:22  Marine x4, Medivac x2, Widow Mine  
  171  12:23  Terran Infantry Weapons Level 3  
  171  12:26  Terran Vehicle And Ship Armor Level 1  
  171  12:32  Marauder  
  173  12:39  Marine x4  
  173  12:40  SCV x2  
  179  12:48  Barracks Tech Lab x2, Widow Mine x3  
  184  12:52  Marine x5  
  184  12:53  Marine  
  188  13:00  Medivac x2, Planetary Fortress  
  188  13:01  SCV x3  
  194  13:12  Marine x4  
  179  13:13  Marine x2, SCV, Marauder x2  
  179  13:16  Widow Mine  
  179  13:17  Widow Mine x2  
  186  13:26  Marine x3, Marauder  
  191  13:30  Marine  
  191  13:33  Terran Infantry Armor Level 3  
  194  13:34  Marauder x2  
  184  13:48  Marauder  
  162  13:54  Marine x2  
  162  13:55  Marine x6, Barracks Tech Lab, Marauder x2  
  173  13:56  Widow Mine x3  
  173  14:00  Command Center  
  179  14:09  Marauder  
  181  14:16  Marine x4, Medivac, Marauder  
  181  14:17  Medivac, Marauder x2  
  191  14:41  Marine x6, Marauder x2  
  191  14:42  Marauder x2  
  191  14:43  Widow Mine  
  191  14:44  Ghost Academy  
  195  14:49  Widow Mine  
  195  14:50  Widow Mine  
  186  14:59  Marine x6  
  168  15:03  Marauder x3  
  168  15:04  Terran Vehicle And Ship Armor Level 2  
  171  15:08  Widow Mine  
  171  15:10  Widow Mine  
  171  15:11  Medivac x2, Widow Mine  
  180  15:18  SCV x4  
  184  15:27  Ghost x3  
  188  15:30  Ghost  
  188  15:32  Widow Mine  
  192  15:39  SCV x3  
  191  15:45  Planetary Fortress  
  191  15:47  SCV  
  191  15:49  Refinery  
  192  15:50  Refinery  
  192  15:51  SCV x2  
  192  15:52  SCV  
  192  15:55  Ghost  
  195  15:57  Ghost  
  195  16:00  Unknown  
  148  16:13  Ghost  
  148  16:14  Marine x7, Marauder  
  144  16:21  Marine, Widow Mine x2  
  144  16:25  Marauder  
  151  16:26  Marauder  
  151  16:30  Medivac  
  151  16:31  Marine x2  
  151  16:32  Marine x2  
  153  16:40  Marine x4  
  153  16:42  Widow Mine x3  
  163  16:59  Marine x2, Ghost x2  
  163  17:00  Marine x4, Marauder  
  170  17:06  SCV  
  170  17:07  SCV x2  
  164  17:19  Marine x6, Marauder  
  164  17:21  Marauder  
Show
View Real Time Build Order
Export as new Build Order

Dark Zerg - Winner!

Build Orders: Hatch First 

Get SALT Encoding   

  12  0:00  Drone  
  13  0:12  Overlord  
  13  0:17  Drone  
  14  0:30  Drone x2  
  16  0:49  Hatchery  
  15  0:52  Drone  
  15  0:55  Drone  
  17  0:59  Drone  
  18  1:09  Extractor  
  17  1:13  Spawning Pool  
  17  1:16  Drone  
  17  1:20  Drone  
  18  1:28  Drone  
  19  1:43  Drone  
  20  1:50  Drone  
  21  2:02  Zergling x4  
  21  2:07  Queen  
  25  2:14  Zergling x4  
  27  2:34  Overlord  
  27  2:35  Zergling x2  
  28  2:51  Queen  
  28  2:52  Zergling x4  
  28  2:58  Queen  
  30  2:59  Zergling x6  
  29  3:14  Zergling x6  
  29  3:17  Zergling x2  
  31  3:24  Drone  
  31  3:27  Queen  
  31  3:29  Drone  
  32  3:37  Drone  
  32  3:38  Queen  
  35  3:43  Overlord  
  35  3:44  Drone  
  36  3:49  Overlord  
  36  3:55  Overlord  
  36  4:02  Drone x3  
  39  4:05  Drone  
  39  4:06  Drone  
  39  4:09  Drone  
  42  4:11  Drone  
  42  4:15  Drone  
  44  4:18  Drone  
  44  4:22  Metabolic Boost  
  44  4:23  Drone  
  46  4:27  Drone x2  
  48  4:40  Hatchery  
  48  4:45  Drone x3  
  50  4:49  Queen  
  50  4:52  Drone  
  53  4:56  Drone x2  
  55  5:01  Zergling x6  
  55  5:02  Overlord  
  55  5:07  Queen  
  58  5:13  Overlord  
  60  5:15  Overlord  
  60  5:21  Overlord, Drone  
  61  5:29  Spore Crawler  
  61  5:30  Overlord  
  61  5:31  Queen  
  61  5:32  Drone x2  
  61  5:34  Drone  
  65  5:37  Drone  
  66  5:43  Drone  
  66  5:46  Queen  
  66  5:48  Drone  
  70  5:53  Drone  
  70  5:54  Drone  
  72  5:58  Drone x3, Spore Crawler  
  72  5:59  Drone  
  75  6:05  Drone  
  76  6:12  Zergling x4  
  76  6:13  Drone  
  76  6:16  Drone x2  
  81  6:18  Overlord  
  81  6:20  Drone x2  
  81  6:21  Hatchery  
  81  6:24  Overlord  
  82  6:27  Overlord  
  82  6:29  Overlord  
  82  6:30  Drone x2  
  82  6:32  Drone  
  82  6:33  Spore Crawler  
  82  6:39  Drone  
  80  6:41  Drone x2  
  80  6:42  Drone x2  
  84  6:51  Drone x2  
  84  6:52  Extractor x2  
  83  6:56  Drone x2  
  82  7:02  Drone x5  
  82  7:03  Drone  
  86  7:09  Drone x2  
  86  7:10  Evolution Chamber x2  
  87  7:15  Drone x2  
  87  7:17  Lair  
  87  7:19  Drone  
  87  7:22  Drone x3  
  92  7:26  Extractor  
  92  7:28  Extractor, Drone x2  
  92  7:30  Baneling Nest  
  92  7:34  Drone  
  92  7:35  Drone, Baneling Nest  
  92  7:37  Drone x2  
  94  7:42  Hatchery  
  92  7:47  Zerg Melee Weapons Level 1, Zerg Ground Armor Level 1  
  92  7:54  Drone  
  92  7:55  Roach Warren  
  92  7:56  Drone x3  
  92  7:57  Drone x3  
  98  8:02  Zergling x8  
  102  8:12  Overlord  
  102  8:15  Zergling x2  
  102  8:16  Zergling x22  
  114  8:23  Zergling x2  
  115  8:30  Hatchery  
  115  8:33  Infestation Pit, Zergling x12  
  118  8:35  Centrifugal Hooks  
  118  8:36  Baneling  
  118  8:37  Baneling x6  
  118  8:42  Drone  
  118  8:44  Drone  
  120  8:51  Drone x6  
  120  8:52  Hatchery  
  120  8:53  Drone x2  
  127  9:02  Zergling x6  
  130  9:04  Baneling x7  
  127  9:18  Baneling x5  
  127  9:23  Zergling x30  
  134  9:30  Zergling x4  
  133  9:36  Zergling x2  
  133  9:37  Zergling x2  
  134  9:42  Zerg Melee Weapons Level 2, Zerg Ground Armor Level 2  
  118  9:53  Zergling x24  
  118  9:56  Hive  
  118  9:57  Drone x2  
  118  9:59  Baneling x5  
  128  10:06  Zergling x18  
  137  10:10  Baneling x2  
  137  10:12  Baneling x7  
  136  10:15  Zergling x4  
  136  10:20  Zergling x12  
  144  10:27  Zergling x6  
  144  10:32  Zergling x18  
  153  10:41  Drone x3  
  153  10:42  Drone x7  
  152  10:46  Zergling x2  
  147  10:52  Zergling x14  
  140  10:58  Zergling x6  
  140  11:04  Drone x2  
  144  11:05  Baneling x4, Hatchery, Zergling x2  
  144  11:06  Zergling x12  
  144  11:10  Adrenal Glands  
  144  11:11  Baneling x3, Ultralisk Cavern  
  149  11:12  Baneling, Viper  
  149  11:17  Overlord  
  152  11:19  Zergling x8  
  152  11:21  Baneling  
  152  11:22  Baneling  
  152  11:25  Overlord  
  156  11:28  Overlord  
  148  11:36  Drone x2  
  148  11:37  Drone  
  148  11:38  Zergling x22  
  162  11:40  Drone x2  
  162  11:43  Viper  
  162  11:44  Viper  
  160  11:54  Zergling x24  
  160  11:57  Baneling x9  
  160  11:59  Unknown, Drone x2  
  160  12:01  Drone  
  172  12:02  Zergling x2  
  172  12:05  Chitinous Plating  
  170  12:09  Zergling x6  
  173  12:16  Drone  
  173  12:17  Drone x3  
  173  12:19  Zergling x16  
  173  12:20  Zergling x2  
  173  12:22  Spore Crawler  
  185  12:26  Zerg Melee Weapons Level 3  
  185  12:27  Overlord  
  185  12:28  Overlord x3, Pneumatized Carapace  
  184  12:32  Overlord  
  184  12:34  Overlord  
  184  12:42  Zergling x16  
  182  12:47  Zergling x8  
  182  12:50  Baneling  
  182  12:51  Baneling, Zerg Ground Armor Level 3  
  185  12:53  Zergling x2  
  185  12:56  Zergling x12  
  187  12:59  Spore Crawler  
  187  13:00  Overseer  
  183  13:07  Zergling x30  
  193  13:15  Zergling x18  
  193  13:18  Zergling x2  
  195  13:20  Zergling x4  
  195  13:24  Anabolic Synthesis  
  195  13:28  Baneling x2  
  195  13:29  Zergling x10  
  194  13:39  Zergling x2  
  194  13:40  Zergling x20  
  171  13:50  Ultralisk x2  
  171  13:51  Drone x8  
  175  13:57  Zergling x4  
  175  13:58  Zergling x4  
  175  14:01  Drone  
  191  14:02  Ultralisk  
  191  14:03  Ultralisk  
  191  14:06  Overseer  
  191  14:13  Drone x3  
  191  14:14  Zergling x4  
  196  14:20  Overlord  
  196  14:21  Baneling  
  196  14:22  Zergling x8  
  200  14:29  Overseer x2  
  200  14:30  Zergling x10  
  200  14:35  Pathogen Glands  
  194  14:41  Zergling x8  
  194  14:42  Zergling x12  
  172  14:55  Ultralisk x2  
  172  14:57  Zergling x18  
  186  15:01  Hatchery, Zergling x6  
  186  15:05  Ultralisk x2  
  198  15:08  Zergling x2  
  198  15:09  Zergling x4  
  198  15:14  Hatchery  
  198  15:18  Baneling x9  
  198  15:21  Zergling x4  
  200  15:28  Baneling x4  
  200  15:30  Baneling x3  
  200  15:39  Zergling x2  
  200  15:41  Zergling x2  
  200  15:42  Zergling x10  
  198  15:43  Zergling x2  
  199  15:50  Baneling x2  
  199  15:51  Baneling x2  
  199  15:54  Zergling x2  
  185  16:04  Hatchery  
  153  16:11  Infestor  
  153  16:12  Infestor x3  
  153  16:13  Ultralisk x3, Zergling x6  
  153  16:14  Zergling x24  
  181  16:19  Zergling x2  
  181  16:23  Drone  
  181  16:24  Extractor, Drone x3  
  181  16:25  Extractor  
  184  16:29  Zergling x10  
  184  16:31  Zergling x2  
  187  16:36  Zergling x2  
  187  16:38  Zergling x16  
  187  16:39  Zergling x4  
  198  16:40  Zergling x2  
  198  16:42  Baneling x3  
  198  16:46  Baneling  
  199  16:49  Baneling x2  
  199  16:50  Baneling x2  
  199  16:51  Baneling x2  
  199  16:58  Zergling x2  
  199  16:59  Zergling x6  
  197  17:06  Zergling x2  
  197  17:07  Zergling x2  
  175  17:18  Zergling x20  
  175  17:19  Zergling x10  
  200  17:25  Overseer  
  200  17:29  Spore Crawler  

Tags
 
Add a new tag
Caveats
  • Supply blocks, unpowered buildings, or Contaminate may cause inaccurate times.
  • Supply counts are checked every 10 seconds.